 Dungeon Crawl Stone Soup version 0.30-a0-6-g7c9e10e132 (webtiles) character file.

Game seed: 6485296944903082391

679 SensoryNuts the Chopper (level 7, -3/43 HPs)
             Began as a Gargoyle Fighter on Aug 22, 2022.
             Was an Initiate of Gozag.
             Slain by an ogre
             ... wielding a +0 giant club
              (18 damage)
             ... on level 5 of the Dungeon.
             The game lasted 00:04:47 (4753 turns).

SensoryNuts the Chopper (Gargoyle Fighter)          Turns: 4753, Time: 00:04:48

Health: -3/43      AC: 12    Str: 22    XL:     7   Next: 60%
Magic:  7/7        EV:  9    Int:  8    God:    Gozag
Gold:   327        SH:  4    Dex:  9    Spells: 6/6 levels left

rFire   . . .      SeeInvis .    a - +1 war axe
rCold   . . .      Faith    .    c - +0 buckler
rNeg    + . .      Spirit   .    b - +0 scale mail
rPois   ∞          Reflect  .    j - +0 hat
rElec   +          Harm     .    (no cloak)
rCorr   .          Rampage  .    (no gloves)
Will    .....                    (no boots)
Stlth   ..........               l - amulet of the acrobat
HPRegen 0.14/turn                (no ring)
MPRegen 0.10/turn                (no ring)

@: gold aura
A: sickness immunity, AC +4, negative energy resistance 1, electricity
resistance, torment resistance 1, petrification resistance, mutation resistance
1
a: Renounce Religion, Potion Petition, Call Merchant, Bribe Branch


You were on level 5 of the Dungeon.
You worshipped Gozag.
Gozag was aware of your devotion.
You visited 1 branch of the dungeon, and saw 5 of its levels.

You collected 366 gold pieces.
You paid 39 gold pieces to Gozag.

Inventory:

Hand Weapons
 a - a +1 war axe (weapon)
Missiles
 o - 2 throwing nets (quivered)
Armour
 b - a +0 scale mail (worn)
 c - a +0 buckler (worn)
 j - a +0 hat (worn)
Jewellery
 g - a ring of fire
 i - a ring of ice
 l - an amulet of the acrobat (around neck)
 m - a +6 ring of intelligence
 t - an amulet of faith
Wands
 u - a wand of paralysis (10)
Scrolls
 f - 3 scrolls of noise
 h - a scroll of teleportation
 p - a scroll of identify
Potions
 d - a potion of might
 k - a potion of flight
 v - 2 potions of cancellation


   Skills:
 + Level 4.2 Fighting
 * Level 6.0 Axes
 + Level 5.0 Armour
 + Level 1.1 Dodging
 + Level 0.4 Stealth
 + Level 3.7 Shields


You had 6 spell levels left.
You didn't know any spells.
Your spell library contained the following spells:

 Spells                   Type           Power      Damage    Failure   Level
 Magic Dart               Conj           0%         1d3       82%         1
 Sting                    Tmut/Pois      0%         1d3       82%         1
 Call Imp                 Summ           0%         N/A       91%         2
 Poisonous Vapours        Pois/Air       0%         N/A       91%         2
 Mephitic Cloud           Conj/Pois/Air  0%         N/A       99%         3
 Ozocubu's Armour         Ice            0%         N/A       99%         3
 Olgreb's Toxic Radiance  Pois           0%         N/A       100%        4
 Ozocubu's Refrigeration  Ice            0%         4d7       100%        7


Dungeon Overview and Level Annotations

Branches:
Dungeon (5/15)
 Temple: D:4-7

Altars:
Gozag
Ru

Annotations:
D:4 2 transporters, Taurus's ghost, amateur MiFi


Innate Abilities, Weirdness & Mutations

You are immune to sickness and miasma.
Your stone body is resilient. (AC +4)
You are immune to poison.
You resist negative energy. (rN+)
You are resistant to electric shocks. (rElec)
You are resistant to unholy torment.
You are immune to petrification.
You are somewhat resistant to further mutation.


Message History

Partly explored, unvisited transporter.
No reachable target in view!
No reachable target in view!
No reachable target in view!
Partly explored, unvisited transporter.
Partly explored, unvisited transporter.
Partly explored, unvisited transporter.
Partly explored, unvisited transporter.
Taurus's ghost says very slowly, "There's no hope."
Taurus's ghost screams, "You must not succeed where I failed!"
There is a stone staircase leading down here.
You climb downwards.
There is a stone staircase leading up here.
You open the door.
There is an open door here.
An ogre comes into view. It is wielding a +0 giant club.
The ogre shouts!
A hound comes into view.
There are monsters nearby!
Found a jewelled bone wand.
The hound barks!
The hound closely misses you. The ogre completely misses you.
You barely miss the ogre. You slash the hound! The hound barely misses you.
The hound bites you but does no damage.
You slash the hound!
You kill the hound!
You hit the ogre but do no damage. The ogre barely misses you.
Your Dodging skill increases to level 1!
You barely miss the ogre.
The ogre hits you with a +0 giant club!!
You slash the ogre!
The ogre is severely wounded.
The ogre hits you with a +0 giant club!!
* * * LOW HITPOINT WARNING * * *
You are too injured to fight recklessly!
You are too injured to fight recklessly!
You feel better.
The ogre hits you with a +0 giant club!!
You die...
Your body crumbles into a pile of gold.

.# #. #.# #.#.
#.#.# #.#/#.
#.#.# # #.#.#.#
#.#.#.#.#.#.#
#.#.#.#.#.#
#O.$..#..
#@..#.# +....#
#...#.#
#.##########...#
#
#.........##...#
#......<..'....+
#.........##...#
#.........##...#
..........##...#


You could see an ogre.

Vanquished Creatures
  Sigmund (D:4)
  An ogre (D:4)
  2 necrophages (D:4)
  A jelly (D:4)
  3 hounds
  Robin (D:4)
  8 gnolls (D:4)
  3 adders
  2 dart slugs
  An orc (D:4)
  9 endoplasms
  6 giant cockroaches
  6 hobgoblins
  4 jackals (D:2)
  2 quokkas
  A ball python (D:1)
  7 bats
  2 frilled lizards
  9 goblins
  8 kobolds
  13 rats
90 creatures vanquished.

Notes
Turn   | Place    | Note
-------+----------+-------------------------------------------
     0 | D:1      | SensoryNuts the Gargoyle Fighter began the quest for the
                  | Orb.
     0 | D:1      | Reached XP level 1. HP: 14/14 MP: 1/1
   296 | D:1      | Reached XP level 2. HP: 14/19 MP: 2/2
   449 | D:1      | Reached skill level 2 in Axes
   874 | D:1      | Reached XP level 3. HP: 23/24 MP: 3/3
  1153 | D:1      | Found a faded altar of an unknown god.
  1772 | D:2      | Reached XP level 4. HP: 28/29 MP: 4/4
  2425 | D:3      | Found an opulent altar of Gozag.
  2559 | D:3      | Reached skill level 3 in Axes
  2747 | D:3      | Became a worshipper of Gozag Ym Sagoz the Greedy
  3322 | D:4      | Reached XP level 5. HP: 19/33 MP: 5/5
  3482 | D:4      | Noticed Robin
  3614 | D:4      | Noticed an ogre
  3819 | D:4      | Killed an ogre
  3820 | D:4      | Reached skill level 4 in Axes
  3820 | D:4      | Reached XP level 6. HP: 38/38 MP: 6/6
  3825 | D:4      | Killed Robin
  3885 | D:4      | Noticed Taurus's ghost (amateur MiFi)
  3887 | D:4      | Found a transporter.
  3910 | D:4      | Noticed Sigmund
  3920 | D:4      | Killed Sigmund
  3921 | D:4      | Reached skill level 5 in Axes
  3921 | D:4      | Reached XP level 7. HP: 34/43 MP: 7/7
  4004 | D:3      | Gained mutation: You are somewhat resistant to further
                  | mutation. [potion of mutation]
  4088 | D:4      | Reached skill level 5 in Armour
  4193 | D:4      | Found a transporter.
  4231 | D:4      | Reached skill level 6 in Axes
  4454 | D:4      | Found a sacrificial altar of Ru.
  4737 | D:5      | Entered Level 5 of the Dungeon
  4751 | D:5      | Reached skill level 1 in Dodging
  4753 | D:5      | Slain by an ogre

Illustrated notes

Levels and vault maps discovered:
D:1:      dpeg_arrival_prison, layout_basic, shapermc_ecumenical_altar_petra
D:2:      layout_loops_corners
D:3:      layout_basic, nicolae_gozag_seed_capital
D:4:      layout_cave_pools, general_overflow_altar, gammafunk_ghost_arena,
          uniq_sigmund, uniq_robin
D:5:      layout_basic, nicolae_qazlal_scattered_showers,
          mainiacjoe_overflow_surrounded_room, mainiacjoe_overflow_catwalk,
          kennysheep_little_box

Skill      XL: |  1  2  3  4  5  6  7 |
---------------+----------------------+-----
Axes           | 2 3 4 5 6 |  6.0
Armour         | 4 5 |  5.0
Fighting       | 4 |  4.2
Dodging        | 1 |  1.1
Stealth        | |  0.4
Shields        | |  3.7

Action                   |  1- 3 |  4- 6 |  7- 9 || total
-------------------------+-------+-------+-------++-------
Melee: War axe           |   124 |    98 |    63 ||   285
  Use: Potion            |       |     3 |     9 ||    12
       Scroll            |       |       |     5 ||     5
Armor: Scale mail        |    77 |    48 |    38 ||   163
Dodge: Dodged            |    65 |    60 |    67 ||   192
Block: Buckler           |    26 |    21 |    18 ||    65

Table legend: (Time is in decaauts)
 A = Elapsed time spent in this place.
 B = Non-inter-level travel time spent in this place.
 C = Inter-level travel time spent in this place.
 D = Time resting spent in this place.
 E = Time spent auto-exploring this place.
 F = Levels seen in this place.
 G = Mean time per level.
                   A        B        C        D        E       F      G
               +--------+--------+--------+--------+--------+-----+--------+
         Total |   4858 |   4636 |    222 |      0 |   3910 |   5 |  971.6 |
       Dungeon |   4858 |   4636 |    222 |      0 |   3910 |   5 |  971.6 |
               +--------+--------+--------+--------+--------+-----+--------+

Top non-repeatable levels by time:
     D:1: 1353 daAuts
     D:3: 1257 daAuts
     D:4: 1132 daAuts
     D:2: 1098 daAuts
     D:5: 16 daAuts
